 Dungeon Crawl Stone Soup version 0.20.0-10-g0535bb4 (webtiles) character file.

406 Hasart the Covered (level 6, -12/50 HPs)
             Began as a Barachi Fighter on June 4, 2017.
             Mangled by an ogre
             ... wielding a +0 giant club
              (15 damage)
             ... on level 4 of the Dungeon.
             The game lasted 00:09:15 (2286 turns).

Hasart the Covered (Barachi Fighter)                Turns: 2286, Time: 00:09:16

Health: -12/50     AC: 17    Str: 17    XL:     6   Next: 87%
Magic:  6/6        EV:  6    Int: 14    God:
Gold:   114        SH:  9    Dex: 11    Spells: 5/5 levels left

rFire    . . .     SeeInvis .   v - +2 long sword (holy)
rCold    . . .     Gourm    .   c - +0 shield
rNeg     + . .     Faith    .   t - +4 chain mail {rN+}
rPois    .         Spirit   .   (no helmet)
rElec    .         Reflect  .   k - +0 cloak
rCorr    .         Harm     .   p - +1 pair of gloves
MR       .....                  (no boots)
Stlth    ..........             (no amulet)
Regen    0.2/turn               l - ring of flight
MPRegen  0.1/turn               r - +3 ring of intelligence

@: can't hop, slow
A: +LOS, swims, slowness 1, strong legs 1
a: Hop, Evoke Flight


You were on level 4 of the Dungeon.
You were very hungry.

You visited 1 branch of the dungeon, and saw 4 of its levels.

You collected 114 gold pieces.

Inventory:

Hand Weapons
 v - a +2 long sword of holy wrath (weapon)
Armour
 c - a +0 shield (worn)
 k - a +0 cloak (worn)
 p - a +1 pair of gloves (worn)
 t - a +4 chain mail of positive energy (worn)
Jewellery
 l - a ring of flight (left hand)
 r - a +3 ring of intelligence (right hand)
Scrolls
 a - a scroll of enchant weapon {unknown}
 b - 2 scrolls of teleportation {unknown}
 e - 4 scrolls of identify {unknown}
 g - a scroll of fear {unknown}
 h - a scroll of blinking
 m - 2 scrolls of magic mapping {unknown}
 n - 3 scrolls of remove curse {unknown}
 o - 2 scrolls of enchant armour {unknown}
 u - a scroll of recharging {unknown}
Potions
 d - a potion of might
 q - 2 potions of curing {unknown}
 s - a potion of berserk rage {unknown}
Comestibles
 f - a bread ration
 i - 2 meat rations
 j - 4 fruits


   Skills:
 + Level 4.9 Fighting
 * Level 5.0 Long Blades
 + Level 5.0 Armour
 + Level 2.7 Dodging
 + Level 4.5 Shields


You had 5 spell levels left.
You didn't know any spells.

Dungeon Overview and Level Annotations

Branches:
Dungeon (4/15)
 Temple: D:4-7

Altars:
Okawaru

Annotations:
D:3 Sigmund


Innate Abilities, Weirdness & Mutations

Shadows flee at your approach. (+LOS)
You can swim through water.
You cover ground slowly.
You can hop short distances.


Message History

The adder zombie bites you but does no damage.
The ogre barely misses you.
You hit the ogre.
The ogre is heavily wounded.
The adder zombie bites you but does no damage. x2
The ogre hits you with a giant club!!
Your chain mail prevents you from hitting the ogre.
The ogre is heavily wounded.
You block the adder zombie's attack.
Unknown command.
You closely miss the ogre.
The ogre is heavily wounded.
The ogre hits you with a giant club!!
* * * LOW HITPOINT WARNING * * *
You block the adder zombie's attack.
Unknown command.
Hop to where?
Press: ? - help, Dir - move target cursor Boing!
The ogre hits you with a giant club!
You die...

## ####.#####
#.........
.........
....(...####
##......<#
#.#.....@###<#.
#.....§O.......#
###.#.Z..###.#.#
.....!...
....##.#....#
#.#.. ..#....+
...... #.#....#
..#(.. #.#......
# ##.. .......##


You could see an ogre and an adder zombie.

Vanquished Creatures
  Grinder (D:3)
  An orc priest (D:3)
  An orc wizard (D:3)
  Jessica (D:2)
  Terence (D:3)
  5 adders
  An ooze (D:1)
  2 worms (D:2)
  A leopard gecko (D:1)
  3 orcs (D:3)
  2 ball pythons
  8 bats
  A giant cockroach (D:1)
  3 hobgoblins
  2 jackals (D:1)
  5 kobolds
  4 frilled lizards
  3 goblins
  6 rats
51 creatures vanquished.

Notes
Turn   | Place    | Note
-------+----------+-------------------------------------------
     0 | D:1      | Hasart the Barachi Fighter began the quest for the Orb.
     0 | D:1      | Reached XP level 1. HP: 18/18 MP: 1/1
    77 | D:1      | Reached skill level 1 in Dodging
    79 | D:1      | Reached XP level 2. HP: 24/25 MP: 2/2
   442 | D:2      | Reached XP level 3. HP: 30/30 MP: 3/3
   678 | D:2      | Noticed Jessica
   688 | D:2      | Killed Jessica
   688 | D:2      | Reached XP level 4. HP: 30/37 MP: 4/4
  1594 | D:3      | Noticed Terence
  1610 | D:3      | Killed Terence
  1610 | D:3      | Reached XP level 5. HP: 39/43 MP: 5/5
  1761 | D:3      | Noticed Sigmund
  1768 | D:4      | Noticed an ogre
  1891 | D:3      | Found an iron altar of Okawaru.
  1986 | D:3      | Noticed Grinder
  1997 | D:3      | Killed Grinder
  1997 | D:3      | Reached skill level 5 in Long Blades
  1997 | D:3      | Reached skill level 5 in Armour
  1997 | D:3      | Reached XP level 6. HP: 32/50 MP: 6/6
  2286 | D:4      | Mangled by an ogre

Skill      XL: |  1  2  3  4  5 |
---------------+----------------+-----
Dodging        | 1 2 |  2.7
Armour         | 4 5 |  5.0
Fighting       | 4 |  4.9
Long Blades    | 3 5 |  5.0
Shields        | 4 |  4.5

Action                   |  1- 3 |  4- 6 || total
-------------------------+-------+-------++-------
Melee: Long sword        |    65 |   133 ||   198
 Abil: Hop               |       |     1 ||     1
  Use: Scroll            |       |     1 ||     1
  Eat: Chunk             |       |     4 ||     4
Armor: Plate armour      |    49 |    49 ||    98
       Scale mail        |     4 |       ||     4
       Chain mail        |       |    25 ||    25
Dodge: Dodged            |    12 |    26 ||    38
Block: Shield            |    41 |    66 ||   107
       Rpst.: Long sword |     1 |     8 ||     9
